 Dungeon Crawl Stone Soup version 0.31.0-32-g396128a36d (webtiles) character file.

Game seed: 10358851949682452216

7098 Tritorn the Grappler (level 10, -9/102 HPs)
             Began as a Troll Fighter on Feb 4, 2024.
             Was a Priest of Wu Jian.
             Mangled by a warg (15 damage)
             ... on level 10 of the Dungeon on Mar 23, 2024.
             The game lasted 00:24:55 (7046 turns).

Tritorn the Grappler (Troll Fighter)                Turns: 7046, Time: 00:24:56

Health: -9/102     AC:  9    Str: 28    XL:     10   Next: 84%
Magic:  9/9        EV:  9    Int:  6    God:    Wu Jian [***...]
Gold:   433        SH:  9    Dex:  9    Spells: 9/9 levels left

rFire   + .          .
                       - Unarmed
rCold   . . .        b - +0 kite shield
rNeg    . . .        u - +2 robe {rF+}
rPois   .            (helmet restricted)
rElec   .            w - +2 cloak
rCorr   .            (gloves unavailable)
SInv    .            (boots unavailable)
Will    .....        y - amulet of the acrobat
Stlth   +            (no ring)
HPRegen 1.17/turn    (no ring)
MPRegen 0.11/turn

%: acrobat
@: no status effects
A: large, unfitting armour, claws 3, regeneration 1, shaggy fur 1, tough skin 1
a: Renounce Religion, Wall Jump, Serpent's Lash


You were on level 10 of the Dungeon.
You worshipped Wu Jian.
Wu Jian was most pleased with you.
You visited 2 branches of the dungeon, and saw 11 of its levels.

You collected 609 gold pieces.
You spent 176 gold pieces at shops.

Inventory:

Missiles
 i - 17 poisoned darts (quivered)
 F - a curare-tipped dart
Armour
 a - a scarf of harm
 b - a +0 kite shield (worn)
 u - a +2 robe of fire resistance (worn)
 w - a +2 cloak (worn)
 C - a +0 robe
Jewellery
 s - an amulet of guardian spirit
 x - an amulet of faith
 y - an amulet of the acrobat (around neck)
Wands
 o - a wand of digging (6)
 q - a wand of polymorph (9)
 z - a wand of acid (3)
Scrolls
 d - 3 scrolls of vulnerability
 h - a scroll of amnesia {unknown}
 k - 2 scrolls of enchant armour {unknown}
 l - a scroll of immolation {unknown}
 m - a scroll of enchant weapon {unknown}
 n - 4 scrolls of revelation
 r - 2 scrolls of fog {unknown}
 t - 3 scrolls of blinking
 B - a scroll of poison {unknown}
 D - 3 scrolls of silence {unknown}
Potions
 c - a potion of might
 e - 2 potions of magic
 f - 3 potions of brilliance
 g - 2 potions of heal wounds {unknown}
 j - 5 potions of curing
 p - 2 potions of enlightenment {unknown}
 v - a potion of berserk rage {unknown}
 A - a potion of mutation {unknown}
 E - a potion of attraction {unknown}
 G - 2 potions of resistance


   Skills:
 + Level 7.4 Fighting
 + Level 2.8 Dodging
 + Level 8.1 Shields
 * Level 11.9 Unarmed Combat


You had 9 spell levels left.
You didn't know any spells.
Your spell library contained the following spells:

 Spells                   Type           Power      Damage    Failure   Level
 Apportation              Tloc           0%         N/A       63%         1
 Necrotise                Necr           0%         1d4       63%         1
 Slow                     Hex            0%         N/A       63%         1
 Sting                    Conj/Alch      0%         1d3       63%         1
 Summon Small Mammal      Summ           0%         N/A       63%         1
 Blink                    Tloc           0%         N/A       77%         2
 Lesser Beckoning         Tloc           0%         N/A       77%         2
 Momentum Strike          Conj/Tloc      0%         3d8       77%         2
 Confusing Touch          Hex            0%         N/A       94%         3
 Sigil of Binding         Hex            0%         N/A       94%         3
 Summon Ice Beast         Ice/Summ       0%         N/A       94%         3
 Teleport Other           Tloc           0%         N/A       94%         3
 Tukima's Dance           Hex            0%         N/A       94%         3
 Vampiric Draining        Necr           0%         2d6       94%         3
 Dimensional Bullseye     Hex/Tloc       0%         N/A       100%        4
 Martyr's Knell           Necr/Summ      0%         N/A       100%        4
 Passage of Golubria      Tloc           0%         N/A       100%        4
 Curse of Agony           Necr           0%         N/A       100%        5
 Summon Mana Viper        Hex/Summ       0%         N/A       100%        5
 Yara's Violent Unravell  Hex/Alch       0%         3d3       100%        5
 Monstrous Menagerie      Summ           0%         N/A       100%        7


Dungeon Overview and Level Annotations

Branches:
Dungeon (10/15)            Temple (1/1) D:6            Lair (0/5) D:8
    Orc (0/2) D:10

Altars:
Ashenzari
Cheibriados
Dithmenos
Elyvilon
Fedhas
Gozag
Hepliaklqana
Kikubaaqudgha
Makhleb
Nemelex Xobeh
Okawaru
Qazlal
Ru
Sif Muna
Trog
Uskayaw
Vehumet
Wu Jian
Xom
Yredelemnul
Zin
The Shining One

Shops:
D:2 (   D:4 [   D:6 ([:[*

Portals:
Abyss: D:7

Annotations:
D:7 2 transporters, kalagan's ghost, novice DECj


Innate Abilities, Weirdness & Mutations

You are too large for most types of armour.
You have claws for hands.
Your natural rate of healing is unusually fast.
You are covered in fur. (AC +1)
You have tough skin. (AC +1)


Message History

The magic dart hits you but does no damage.
The gnoll misses you.
You spin and attack the orc warrior.
You scratch the orc warrior but do no damage.
You spin and attack the gnoll.
You scratch the gnoll.
The gnoll is moderately wounded.
You block the gnoll's attack. The warg bites you.
You spin and attack the gnoll.
You closely miss the gnoll.
The gnoll is moderately wounded.
You spin and attack the warg.
You closely miss the warg. The warg closely misses you.
The gnoll hits you with a +0 club.
You spin and attack the warg.
You claw the warg!
The warg is moderately wounded.
The warg completely misses you. The warg bites you!
You mangle the orc priest!!
You kill the orc priest!
The Council accepts your kill. The orc hits you with a +0 war axe.
The warg pauses to sniff the ground.
The warg bites you! The gnoll hits you with a +0 club.
You barely miss the orc wizard. The warg bites you!
* * * LOW HITPOINT WARNING * * *
The orc wizard casts a spell at you.
You easily resist.
The gnoll hits you but does no damage.
You claw the orc wizard!
The orc wizard is heavily wounded.
The warg pauses to sniff the ground.
The warg bites you.
* * * LOW HITPOINT WARNING * * *
You block the orc's attack. The warg bites you.
* * * LOW HITPOINT WARNING * * *
You block the orc wizard's attack. The gnoll barely misses you.
You block something's attack.
You closely miss something. The warg bites you!
* * * LOW HITPOINT WARNING * * *
The orc closely misses you.
The orc wizard hits you with a +0 dagger.
* * * LOW HITPOINT WARNING * * *
You claw something! The warg bites you!
You die...

...#............... ..
.......................
..........<......# ....
.........<.<....###....
.................#.....
.......................
......)................
...........o...........
#.......oWh@...........
#....##.o.go...........
.... #).oo{...........
..........##...........
..........##...........
...................#...
..................###..
..W.........##...##
.>..........# ....


You could see a wraith, a warg, an orc warrior, an orc wizard, a gnoll and 4
orcs.

Vanquished Creatures
  A two-headed ogre (D:9)
  Maggie (D:9)
  2 hornets
  Sigmund (D:6)
  Eustachio (D:6)
  12 yaks (D:9)
  2 wyverns
  A steam dragon (D:8)
  A water moccasin (D:7)
  4 black bears
  2 orc warriors
  A sky beast (D:8)
  An ogre (D:5)
  5 centaurs
  A phantom (D:5)
  A kobold brigand (D:9)
  8 bullfrogs
  A scorpion (D:6)
  10 wights
  4 killer bees (D:9)
  A howler monkey (D:6)
  3 bombardier beetles
  Crazy Yiuf (D:4)
  5 orc priests
  A hound (D:7)
  A sleepcap (D:6)
  2 iguanas
  4 orc wizards
  11 gnolls
  An adder (D:5)
  A shadow imp (D:7)
  2 white imps (D:7)
  2 ufetubi (D:5)
  3 dart slugs
  2 ribbon worms
  7 orcs
  8 bats
  12 endoplasms
  11 giant cockroaches
  4 goblins
  4 hobgoblins
  7 jackals
  10 kobolds
  3 quokkas
  11 ball pythons
  4 frilled lizards
  4 rats
  2 butterflies (D:7)
187 creatures vanquished.

Notes
Turn   | Place    | Note
-------+----------+-------------------------------------------
     0 | D:1      | Tritorn the Troll Fighter began the quest for the Orb.
     0 | D:1      | Reached XP level 1. HP: 22/22 MP: 0/0
    89 | D:1      | Got the Secrets of Fetching Portals
   236 | D:1      | Reached XP level 2. HP: 29/29 MP: 1/1
   613 | D:1      | Reached XP level 3. HP: 36/36 MP: 2/2
   785 | D:2      | Found Elutaer's Weapon Shop.
   808 | D:2      | Reached skill level 3 in Unarmed Combat
   976 | D:2      | Reached XP level 4. HP: 19/44 MP: 3/3
  1030 | D:2      | Found a faded altar of an unknown god.
  1554 | D:3      | Found a faded altar of an unknown god.
  1558 | D:3      | Found a basalt altar of Yredelemnul.
  1843 | D:4      | Reached skill level 4 in Unarmed Combat
  1843 | D:4      | Reached XP level 5. HP: 44/53 MP: 4/4
  1937 | D:4      | Found an ornate altar of the Wu Jian Council.
  1937 | D:4      | Found a hazy altar of Hepliaklqana.
  1938 | D:4      | Found a glowing golden altar of the Shining One.
  1942 | D:4      | Became a worshipper of the Wu Jian Council
  1955 | D:4      | Found a stormy altar of Qazlal.
  2385 | D:4      | Found Koamoogy's Antique Armour Boutique.
  2394 | D:4      | Bought a runed scarf for 176 gold pieces
  2756 | D:4      | Found a runed translucent door.
  2757 | D:4      | Noticed Crazy Yiuf
  2766 | D:4      | Killed Crazy Yiuf
  2863 | D:5      | Entered Level 5 of the Dungeon
  2901 | D:5      | Reached XP level 6. HP: 60/61 MP: 5/5
  3031 | D:5      | Reached skill level 5 in Unarmed Combat
  3124 | D:5      | Reached XP level 7. HP: 68/68 MP: 6/6
  3360 | D:5      | Found a broken altar of Ashenzari.
  3621 | D:6      | Noticed Eustachio
  3630 | D:6      | Killed Eustachio
  3631 | D:6      | Reached skill level 6 in Unarmed Combat
  3676 | D:6      | Reached * piety under Wu Jian
  3702 | D:6      | Found Owubuf Pick's Book Shop.
  3727 | D:6      | Found Bafe's Armour Emporium.
  3808 | D:6      | Noticed Sigmund
  3813 | D:6      | Killed Sigmund
  3814 | D:6      | Reached skill level 5 in Shields
  3814 | D:6      | Reached skill level 7 in Unarmed Combat
  3814 | D:6      | Reached XP level 8. HP: 79/79 MP: 7/7
  3835 | D:6      | Found Ably's Assorted Antiques.
  3887 | D:6      | Found Erphupuci's Antique Armour Emporium.
  3954 | D:6      | Found Mefret's Antique Weapon Shoppe.
  3967 | D:6      | Found a staircase to the Ecumenical Temple.
  4408 | Temple   | Entered the Ecumenical Temple
  4597 | D:7      | Reached skill level 5 in Fighting
  4672 | D:7      | Found a shimmering altar of Xom.
  4675 | D:7      | Identified the +0 ring mail "Arungaos" {rPois rN+ rCorr
                  | Int-4}
  4686 | D:7      | Found a transporter.
  4729 | D:7      | Found a transporter.
  4730 | D:7      | Noticed an ice devil
  4735 | D:7      | Reached skill level 8 in Unarmed Combat
  5000 | D:7      | Noticed kalagan's ghost (novice DECj)
  5074 | D:7      | Found a one-way gate to the infinite horrors of the Abyss.
  5097 | D:7      | You fall into a shaft and drop 2 floors!
  5097 | D:9      | Found a burning altar of Makhleb.
  5275 | D:8      | Noticed a hornet
  5284 | D:8      | Paralysed by a hornet for 3 turns
  5290 | D:8      | Paralysed by a hornet for 1 turns
  5292 | D:8      | Killed a hornet
  5293 | D:8      | Reached XP level 9. HP: 66/88 MP: 8/8
  5677 | D:8      | Reached skill level 9 in Unarmed Combat
  5733 | D:8      | Reached ** piety under Wu Jian
  5755 | D:8      | Found a staircase to the Lair.
  5839 | D:8      | Reached skill level 10 in Unarmed Combat
  6129 | D:9      | Reached XP level 10. HP: 97/100 MP: 9/9
  6217 | D:9      | Noticed a two-headed ogre
  6362 | D:9      | Noticed Maggie
  6370 | D:9      | Killed Maggie
  6371 | D:9      | Reached skill level 11 in Unarmed Combat
  6424 | D:9      | Upgraded the game from 0.31.0-9-g3a7656b989 to
                  | 0.31.0-12-g77e489cdc1
  6751 | D:9      | Reached *** piety under Wu Jian
  6998 | D:9      | Killed a two-headed ogre
  7009 | D:10     | Entered Level 10 of the Dungeon
  7015 | D:10     | Upgraded the game from 0.31.0-12-g77e489cdc1 to
                  | 0.31.0-32-g396128a36d
  7024 | D:10     | Found a staircase to the Orcish Mines.
  7045 | D:10     | HP: 5/102 [orc wizard/+0 dagger (3)]
  7046 | D:10     | Mangled by a warg

Illustrated notes

Levels and vault maps discovered:
D:1:      minmay_arrival_nine_rooms, layout_loops_ring
D:2:      layout_rooms, shapermc_ecumenical_altar_gd, serial_shops,
          nicolae_shop_hallway_stairs, minmay_crystal_water
D:3:      minmay_roachtagon, layout_rooms, nicolae_overflow_ecumenical_swirl,
          minmay_misc_feat_roman
D:4:      layout_loops_corners, nicolae_overflow_quartered_altars, serial_shops,
          shop, minmay_crystal_room, uniq_crazy_yiuf_cottage
D:5:      layout_loops_ring, mainiacjoe_overflow_alcove_2,
          minmay_splitting_lines
D:6:      layout_basic, minmay_temple_entry_slanted, serial_shops, shop,
          nicolae_square_shop, nicolae_inconvenience_store, shop,
          nicolae_shop_crystal, minivault_26, uniq_sigmund, uniq_eustachio
D:7:      layout_basic, xom_butterflies, gammafunk_ghost_abyssal_escape,
          kennysheep_generic_room_5
D:8:      layout_basic, due_lair_maze_entry_diamond,
          amcnicky_mini_rare_corridor_liquid
D:9:      layout_irregular_city, mainiacjoe_overflow_tiny_flanked, uniq_maggie
D:10:     layout_big_octagon, erik_orc_4, minmay_increasing_density
Temple:   nicolae_temple_superstar

Skill      XL: |  1  2  3  4  5  6  7  8  9 10 |
---------------+-------------------------------+-----
Shields        | 3 4 5 6 7 8 |  8.1
Unarmed Combat | 3 4 5 7 8 10 11 | 11.9
Fighting       | 3 4 5 6 7 |  7.4
Dodging        | |  2.8

Action                     |  1- 3 |  4- 6 |  7- 9 | 10-12 || total
---------------------------+-------+-------+-------+-------++-------
  Melee: Unarmed           |    90 |   168 |   212 |   145 ||   615
Ability: Lunge             |       |     8 |    19 |    12 ||    39
         Whirlwind         |       |       |    27 |    52 ||    79
         Wall Jump         |       |       |     1 |       ||     1
  Evoke: Wand              |       |       |       |     1 ||     1
    Use: Scroll            |       |       |     5 |     1 ||     6
   Stab: Sleeping          |     2 |       |       |       ||     2
 Armour: Robe              |    42 |    65 |   141 |    67 ||   315
  Dodge: Dodged            |    30 |    33 |   105 |    50 ||   218
  Block: Kite shield       |    43 |    54 |    86 |    61 ||   244
